 Dungeon Crawl Stone Soup version 0.31-a0-867-g9b2fd80f0c (webtiles) character file.

Game seed: 11375000365783531250

4895 BinkBink the Cleaver (level 10, -4/91 HPs)
             Began as a Minotaur Fighter on Oct 11, 2023.
             Was a Believer of Qazlal.
             Slain by an orc knight
             ... wielding a +0 halberd
              (24 damage)
             ... in a bailey.
             The game lasted 00:07:12 (5355 turns).

BinkBink the Cleaver (Minotaur Fighter)             Turns: 5355, Time: 00:07:13

Health: -4/91      AC: 11    Str: 25    XL:     10   Next: 26%
Magic:  9/9        EV:  9    Int:  5    God:    Qazlal [**....]
Gold:   458        SH: 13    Dex: 10    Spells: 9/9 levels left

rFire   + . .        a - +0 war axe
rCold   + . .        w - +0 kite shield
rNeg    . . .        o - +3 scale mail {rF+}
rPois   .            (helmet restricted)
rElec   .            (no cloak)
rCorr   .            (no gloves)
SInv    .            (no boots)
Will    .....        m - amulet of the acrobat
Stlth   +            l - ring of protection from cold
HPRegen 0.35/turn    (no ring)
MPRegen 0.11/turn

%: acrobat
@: no status effects
A: horns 2, retaliatory headbutt
a: Renounce Religion, Upheaval


You were in a bailey.
You worshipped Qazlal.
Qazlal was pleased with you.
You visited 2 branches of the dungeon, and saw 8 of its levels.
You also visited: Bailey.

You collected 458 gold pieces.

Inventory:

Hand Weapons
 a - a +0 war axe (weapon)
Armour
 o - a +3 scale mail of fire resistance (worn)
 w - a +0 kite shield (worn)
Jewellery
 l - a ring of protection from cold (left hand)
 m - an amulet of the acrobat (around neck)
 x - a ring of protection from cold
 z - a ring of fire
Wands
 n - a wand of polymorph (4)
 y - a wand of flame (4)
 B - a wand of iceblast (9)
Scrolls
 c - a scroll of fog {unknown}
 e - 5 scrolls of enchant armour {unknown}
 f - 5 scrolls of teleportation {unknown}
 i - 2 scrolls of enchant weapon {unknown}
 j - 3 scrolls of blinking {unknown}
 k - a scroll of immolation {unknown}
 p - a scroll of acquirement {unknown}
 q - a scroll of vulnerability {unknown}
 s - a scroll of summoning {unknown}
 u - a scroll of fear {unknown}
Potions
 b - a potion of attraction
 d - 3 potions of might
 g - a potion of curing
 r - a potion of cancellation
 t - 2 potions of magic
 v - a potion of mutation {unknown}
 A - 2 potions of resistance
 C - 4 potions of haste
 E - a potion of invisibility


   Skills:
 + Level 9.4 Fighting
 * Level 12.3 Axes
 + Level 9.4 Armour
 + Level 4.2 Stealth
 + Level 9.3 Shields


You had 9 spell levels left.
You didn't know any spells.
Your spell library contained the following spells:

 Spells                   Type           Power      Damage    Failure   Level
 Cigotuvi's Dreadful Rot  Necr/Pois/Air  0%         N/A       96%         2
 Ignite Poison            Fire/Tmut/Pois 0%         N/A       99%         3
 Freezing Cloud           Conj/Ice/Air   0%         6-21      100%        5


Dungeon Overview and Level Annotations

Branches:
Dungeon (7/15)             Temple (1/1) D:4          Bailey (1/1)

Altars:
Ashenzari
Cheibriados
Fedhas
Gozag
Hepliaklqana
Kikubaaqudgha
Makhleb
Qazlal
Ru
Sif Muna
Trog
Uskayaw
Vehumet
Wu Jian
Yredelemnul
Zin
The Shining One

Annotations:
D:2 1 runed translucent door, Crazy Yiuf


Innate Abilities, Weirdness & Mutations

You have a pair of horns on your head.
You reflexively headbutt those who attack you in melee.


Message History

You see here a +0 halberd.
You block the orc knight's attack.
You slash the orc knight!
You headbutt the orc knight, but do no damage.
The orc knight is lightly wounded.
The orc knight hits you with a +0 halberd.
You barely miss the orc knight.
You headbutt the orc knight, but do no damage.
The orc knight is lightly wounded.
The orc knight barely misses you. You furiously retaliate!
You headbutt the orc knight, but do no damage.
You hit the orc knight but do no damage.
You headbutt the orc knight, but do no damage.
The orc knight is lightly wounded.
The orc knight hits you with a +0 halberd!
You hit the orc knight but do no damage.
Your headbutt misses the orc knight.
The orc knight is lightly wounded.
You block the orc knight's attack.
You slash the orc knight!
The orc knight is moderately wounded.
The orc knight hits you with a +0 halberd.
You hit the orc knight but do no damage.
The orc knight is moderately wounded.
The orc knight hits you with a +0 halberd.
You slash the orc knight!
The orc knight is heavily wounded.
The orc knight hits you with a +0 halberd.
You hit the orc knight but do no damage.
You headbutt the orc knight, but do no damage.
The orc knight is heavily wounded.
The orc knight hits you with a +0 halberd!
You closely miss the orc knight.
The orc knight is heavily wounded.
The orc knight hits you with a +0 halberd!
* * * LOW HITPOINT WARNING * * *
You slice the orc knight!!
The orc knight is severely wounded.
The orc knight hits you with a +0 halberd!!
You die...

####### ############
########.....## ##.)).....∩.##
#.....#.......######..).)#......#
'.....')..##..#..☼)#))).###.....#
'.....'....8..)o@)))...).8.....∩#
'.....)).)##..#...)#)...###.....#
#.....#.......######.....#......#
########.....## ##........∩.##
####### ############


You could see an orc knight.

Vanquished Creatures
  Prince Ribbit (D:6)
  2 water moccasins
  Duvessa (D:6)
  An ice beast (D:6)
  6 orc warriors (Bailey)
  A black bear (D:5)
  An ogre (D:5)
  6 scorpions
  Dowan (D:6)
  5 hounds
  A jelly (D:5)
  A gnoll bouda (D:6)
  2 orc priests
  5 iguanas
  Terence (D:2)
  2 orc wizards (D:4)
  6 adders
  7 gnolls
  A white imp (D:6)
  2 worms (D:2)
  3 dart slugs
  37 orcs
  13 ball pythons
  3 bats
  8 endoplasms
  3 giant cockroaches
  12 goblins
  4 hobgoblins
  11 jackals
  4 quokkas
  3 frilled lizards
  9 kobolds
  3 rats
166 creatures vanquished.

Notes
Turn   | Place    | Note
-------+----------+-------------------------------------------
     0 | D:1      | BinkBink the Minotaur Fighter began the quest for the Orb.
     0 | D:1      | Reached XP level 1. HP: 19/19 MP: 0/0
   169 | D:1      | Reached XP level 2. HP: 27/27 MP: 1/1
   289 | D:1      | Reached skill level 3 in Axes
   444 | D:1      | Reached XP level 3. HP: 33/33 MP: 2/2
  1095 | D:2      | Reached skill level 1 in Stealth
  1244 | D:2      | Found a runed translucent door.
  1245 | D:2      | Noticed Crazy Yiuf
  1288 | D:2      | Noticed Terence
  1408 | D:2      | Killed Terence
  1409 | D:2      | Reached XP level 4. HP: 34/40 MP: 3/3
  1914 | D:3      | Reached skill level 4 in Axes
  2354 | D:4      | Noticed a scorpion
  2362 | D:4      | Killed a scorpion
  2363 | D:4      | Reached XP level 5. HP: 47/47 MP: 4/4
  2484 | D:4      | Found a snail-covered altar of Cheibriados.
  2524 | D:4      | Reached XP level 6. HP: 52/53 MP: 5/5
  2527 | D:4      | Reached skill level 5 in Axes
  2666 | D:4      | Found a staircase to the Ecumenical Temple.
  2685 | Temple   | Entered the Ecumenical Temple
  2690 | Temple   | Became a worshipper of Qazlal Stormbringer
  2739 | D:4      | Reached skill level 5 in Armour
  2747 | D:4      | Reached skill level 5 in Fighting
  2747 | D:4      | Reached skill level 5 in Shields
  2964 | D:5      | Entered Level 5 of the Dungeon
  2995 | D:5      | Reached XP level 7. HP: 61/61 MP: 6/6
  3064 | D:5      | Reached skill level 6 in Axes
  3234 | D:5      | Reached * piety under Qazlal
  3981 | D:5      | Found a hazy altar of Hepliaklqana.
  4113 | D:6      | Reached XP level 8. HP: 58/70 MP: 7/7
  4185 | D:6      | Reached skill level 7 in Axes
  4209 | D:6      | Noticed Duvessa
  4217 | D:6      | Noticed Dowan
  4224 | D:6      | Killed Duvessa
  4229 | D:6      | Killed Dowan
  4281 | D:6      | Noticed Prince Ribbit
  4377 | D:6      | Killed Prince Ribbit
  4378 | D:6      | Reached skill level 8 in Axes
  4877 | D:7      | Found a flagged portal.
  4900 | D:7      | Reached ** piety under Qazlal
  4909 | Bailey   | Entered a bailey
  5032 | Bailey   | Reached XP level 9. HP: 78/78 MP: 8/8
  5186 | Bailey   | Noticed an orc knight
  5216 | Bailey   | Reached skill level 9 in Axes
  5315 | Bailey   | Reached skill level 12 in Axes
  5315 | Bailey   | Reached XP level 10. HP: 91/91 MP: 9/9
  5355 | Bailey   | Slain by an orc knight

Illustrated notes

Levels and vault maps discovered:
D:1:      arrival_zaba_pyramid, layout_basic, minmay_misc_feat_tower,
          dk_noncrumbling_3, hangedman_decor_clover_reticule,
          chequers_serial_rivers_micro_d, minmay_stone_trees_small
D:2:      layout_basic, uniq_crazy_yiuf_cottage, uniq_terence
D:3:      layout_loops_ring, grunt_decor_arrowhead
D:4:      layout_basic, lemuel_crystal_altar, minmay_temple_entry_ruins,
          minmay_between
D:5:      layout_basic, nicolae_hepliaklqana_hippocampus
D:6:      layout_rooms, serial_rivers, chequers_serial_rivers_micro_c,
          chequers_serial_rivers_large_a, chequers_serial_rivers_room_a,
          chequers_serial_rivers_marsh, chequers_serial_rivers_micro_e,
          chequers_serial_rivers_micro_c, serial_bayou_crossing, uniq_duvessa,
          uniq_prince_ribbit1
D:7:      layout_rooms, enter_bailey_5, minmay_quadrilaterals, uniq_jeremiah,
          uniq_joseph
Temple:   minmay_freezing_vapour_temple
Bailey:   bailey_polearm_5, bailey

Skill      XL: |  1  2  3  4  5  6  7  8  9 |
---------------+----------------------------+-----
Axes           | 3 4 5 6 8 12 | 12.3
Shields        | 4 5 6 9 |  9.3
Armour         | 4 5 6 9 |  9.4
Fighting       | 4 5 6 9 |  9.4
Stealth        | 1 2 3 4 |  4.2

Action                     |  1- 3 |  4- 6 |  7- 9 | 10-12 || total
---------------------------+-------+-------+-------+-------++-------
  Melee: War axe           |    77 |   122 |   195 |    10 ||   404
         Headbutt          |     7 |    17 |    26 |     4 ||    54
         Unarmed           |    11 |       |       |       ||    11
    Use: Scroll            |       |       |     5 |     3 ||     8
         Potion            |       |       |     1 |       ||     1
   Stab: Confused          |     1 |       |       |       ||     1
 Armour: Scale mail        |    45 |    90 |   121 |    10 ||   266
         Skin              |     5 |       |       |       ||     5
  Dodge: Dodged            |    44 |    63 |   101 |     3 ||   211
  Block: Buckler           |    19 |    17 |    10 |       ||    46
         Kite shield       |       |       |   124 |     4 ||   128

Table legend: (Time is in decaauts)
 A = Elapsed time spent in this place.
 B = Non-inter-level travel time spent in this place.
 C = Inter-level travel time spent in this place.
 D = Time resting spent in this place.
 E = Time spent auto-exploring this place.
 F = Levels seen in this place.
 G = Mean time per level.
                   A        B        C        D        E       F      G
               +--------+--------+--------+--------+--------+-----+--------+
         Total |   5470 |   5303 |    167 |    135 |   4066 |   9 |  607.8 |
       Dungeon |   4971 |   4808 |    163 |     22 |   3909 |   7 |  710.1 |
        Temple |     44 |     40 |      4 |      0 |     33 |   1 |   44.0 |
        Bailey |    454 |    454 |      0 |    113 |    124 |   1 |  454.0 |
               +--------+--------+--------+--------+--------+-----+--------+

Top non-repeatable levels by time:
     D:5: 1170 daAuts
     D:1: 948 daAuts
     D:2: 797 daAuts
     D:6: 785 daAuts
     D:3: 639 daAuts
     D:4: 591 daAuts
  Bailey: 454 daAuts
  Temple: 44 daAuts
     D:7: 38 daAuts
